ITL
LOUISVILLE BATS @ UTICA UNICORNS
06/15/2028
 
TOP OF THE 1ST
Louisville Bats batting - Pitching for Utica Unicorns : LHP David Taylor
Pitching: LHP David Taylor
Batting: LHB Ramón Morales 0-0: SINGLE (Line Drive, 4M)
Batting: RHB Dick Slagboom 0-0: Ball
1-0: Called Strike
1-1: Called Strike
Ramón Morales steals 2nd base
1-2: Strikes out swinging
Batting: RHB Jesús Cabrera 0-0: Called Strike
0-1: SINGLE (Groundball, 56S) (infield hit)
Ramón Morales to third
Batting: LHB Mike Callahan 0-0: Ball
1-0: Swinging Strike
1-1: Swinging Strike
1-2: Ball
2-2: Foul Ball, location: 2F
2-2: Strikes out swinging
Batting: RHB Eric Thompson 0-0: Called Strike
0-1: Ball
1-1: Ball
2-1: Ball
3-1: Foul Ball, location: 2F
3-2: Foul Ball, location: 2F
3-2: Foul Ball, location: 2F
3-2: SINGLE (Groundball, 34D)
Ramón Morales scores
Jesús Cabrera to second
Jesús Cabrera to third
Batting: LHB Alex Henderson 0-0: Called Strike
0-1: Foul Ball, location: 2F
0-2: Ball
1-2: Strikes out swinging
Top of the 1st over - 1 run(s), 3 hit(s), 0 error(s), 2 left on base; Louisville 1 - Utica 0
BOTTOM OF THE 1ST
Utica Unicorns batting - Pitching for Louisville Bats : RHP Guy Hebert
Pitching: RHP Guy Hebert
Batting: RHB Mitsuoki Taguchi 0-0: Ball
1-0: Ball
2-0: Ball
3-0: Called Strike
3-1: Base on Balls
Batting: RHB Franklin Shaw 0-0: Called Strike
0-1: Called Strike
0-2: Ball
1-2: Strikes out swinging
Batting: LHB Sixto Cantú 0-0: Ball
1-0: Ball
2-0: Ball
3-0: Base on Balls
Mitsuoki Taguchi to second
Batting: RHB Gerald Burnett 0-0: Ball
Mitsuoki Taguchi steals 3rd base
Sixto Cantú to second
1-0: Swinging Strike
1-1: Called Strike
1-2: SINGLE (Groundball, 4D)
Mitsuoki Taguchi scores
Sixto Cantú to third
Runner from 3rd tries for Home, SAFE, throw made home
Batting: LHB Pedro Zaragoza 0-0: 2-RUN HOME RUN (Flyball, 7LD), Distance : 355 ft
Batting: RHB Jack Bailey 0-0: Called Strike
0-1: Called Strike
0-2: Ball
1-2: Foul Ball, location: 2F
1-2: Strikes out looking
Batting: RHB Héctor Jiménez 0-0: Swinging Strike
0-1: Foul Ball, location: 2F
0-2: Foul Ball, location: 2F
0-2: Ball
1-2: Strikes out swinging
Bottom of the 1st over - 4 run(s), 2 hit(s), 0 error(s), 0 left on base; Louisville 1 - Utica 4
TOP OF THE 2ND
Louisville Bats batting - Pitching for Utica Unicorns : LHP David Taylor
Batting: RHB John Denton 0-0: Foul Ball, location: 2F
0-1: Ball
1-1: Ball
2-1: Foul Ball, location: 2F
2-2: Foul Ball, location: 2F
2-2: Foul Ball, location: 2F
2-2: Strikes out looking
Batting: LHB Jeff Forsyth 0-0: Foul Ball, location: 2F
0-1: Foul Ball, location: 2F
0-2: Strikes out swinging
Batting: RHB Shawn Marshall 0-0: Ball
1-0: Called Strike
1-1: Ball
2-1: Foul Ball, location: 2F
2-2: Ball
3-2: SINGLE (Flyball, 89S)
Batting: LHB Ramón Morales 0-0: Called Strike
0-1: Ball
1-1: Ball
2-1: Foul Ball, location: 2F
2-2: Ball
3-2: Ground out 4-3 (Groundball, 34)
Top of the 2nd over - 0 run(s), 1 hit(s), 0 error(s), 1 left on base; Louisville 1 - Utica 4
BOTTOM OF THE 2ND
Utica Unicorns batting - Pitching for Louisville Bats : RHP Guy Hebert
Batting: LHB Bill Hall 0-0: Ball
1-0: Ball
2-0: Ball
3-0: Base on Balls
Batting: RHB Gustavo Rodríguez 0-0: Called Strike
0-1: SINGLE (Line Drive, 6MD)
Bill Hall to second
Runner from 2nd tries for 3rd, SAFE, throw made to third
Batting: RHB Mitsuoki Taguchi 0-0: Called Strike
0-1: Ball
1-1: Called Strike
1-2: Foul Ball, location: 2F
1-2: Ball
2-2: SINGLE (Line Drive, 34D)
Bill Hall scores
Gustavo Rodríguez to second
Batting: RHB Franklin Shaw 0-0: Ball
1-0: Ball
2-0: SINGLE (Line Drive, 34)
Gustavo Rodríguez to third
Mitsuoki Taguchi to second
Runner from 3rd tries for Home, SAFE, throw made home
Batting: LHB Sixto Cantú 0-0: Foul Ball, location: 2F
0-1: Ball
1-1: Foul Ball, location: 2F
1-2: Foul Ball, location: 2F
1-2: Strikes out swinging
Pitching: RHP Manny Canseco
Batting: RHB Gerald Burnett 0-0: Fly out, F9 (Flyball, 89S)
Batting: LHB Pedro Zaragoza 0-0: Ball
1-0: Swinging Strike
1-1: SINGLE (Line Drive, 56D)
Mitsuoki Taguchi to third
Franklin Shaw to second
Runner from 3rd tries for Home, SAFE, no throw
Batting: RHB Jack Bailey 0-0: Called Strike
0-1: Ball
1-1: Ball
2-1: Foul Ball, location: 2F
2-2: Foul Ball, location: 2F
2-2: Fielders Choice at 2nd, 6-4 (Groundball, 6)
Bottom of the 2nd over - 3 run(s), 4 hit(s), 0 error(s), 1 left on base; Louisville 1 - Utica 7
TOP OF THE 3RD
Louisville Bats batting - Pitching for Utica Unicorns : LHP David Taylor
Batting: RHB Dick Slagboom 0-0: Called Strike
0-1: Ball
1-1: Foul Ball, location: 2F
1-2: Foul Ball, location: 2F
1-2: Ball
2-2: Strikes out looking
Batting: RHB Jesús Cabrera 0-0: Called Strike
0-1: Foul Ball, location: 2F
0-2: Foul Ball, location: 2F
0-2: Ball
1-2: Ball
2-2: Foul Ball, location: 2F
2-2: Ground out 4-3 (Groundball, 4)
Batting: LHB Mike Callahan 0-0: Called Strike
0-1: Swinging Strike
0-2: Ball
1-2: Strikes out looking
Top of the 3rd over - 0 run(s), 0 hit(s), 0 error(s), 0 left on base; Louisville 1 - Utica 7
BOTTOM OF THE 3RD
Utica Unicorns batting - Pitching for Louisville Bats : RHP Manny Canseco
Batting: RHB Héctor Jiménez 0-0: Called Strike
0-1: Foul Ball, location: 2F
0-2: Ball
1-2: Strikes out looking
Batting: LHB Bill Hall 0-0: Ground out 1-3 (Groundball, 13S)
Batting: RHB Gustavo Rodríguez 0-0: Called Strike
0-1: Called Strike
0-2: SINGLE (Flyball, 89S)
Batting: RHB Mitsuoki Taguchi 0-0: DOUBLE (Line Drive, 9LS)
Gustavo Rodríguez to third
Runner from 3rd tries for Home, SAFE, no throw
Batting: RHB Franklin Shaw 0-0: DOUBLE (Groundball, 5L)
Mitsuoki Taguchi scores
Batting: LHB Sixto Cantú 0-0: Ball
1-0: Ball
2-0: Foul Ball, location: 2F
2-1: SINGLE (Flyball, 6MD)
Franklin Shaw to third
Runner from 3rd tries for Home, SAFE, no throw
Pitching: LHP Dave Carbone
Batting: RHB Gerald Burnett 0-0: Ball
1-0: Called Strike
1-1: Swinging Strike
1-2: Fielders Choice at 2nd, 6-4 (Groundball, 6)
Bottom of the 3rd over - 3 run(s), 4 hit(s), 0 error(s), 0 left on base; Louisville 1 - Utica 10
TOP OF THE 4TH
Louisville Bats batting - Pitching for Utica Unicorns : LHP David Taylor
Batting: RHB Eric Thompson 0-0: Swinging Strike
0-1: Fly out, F5 (Popup, 5L)
Batting: LHB Alex Henderson 0-0: Ball
1-0: Swinging Strike
1-1: Ball
2-1: Foul Ball, location: 2F
2-2: Ball
3-2: Base on Balls
Batting: RHB John Denton 0-0: Ball
1-0: Foul Ball, location: 2F
1-1: Foul Ball, location: 2F
1-2: Foul Ball, location: 2F
1-2: Foul Ball, location: 2F
1-2: Ball
2-2: DOUBLE (Flyball, 78XD)
Alex Henderson to third
Batting: LHB Jeff Forsyth 0-0: Called Strike
0-1: Swinging Strike
0-2: Foul Ball, location: 2F
0-2: Foul Ball, location: 2F
0-2: Ball
1-2: Ball
2-2: Foul Ball, location: 2F
2-2: Strikes out looking
Batting: RHB Shawn Marshall 0-0: Fly out, F7 (Flyball, 7)
Top of the 4th over - 0 run(s), 1 hit(s), 0 error(s), 2 left on base; Louisville 1 - Utica 10
BOTTOM OF THE 4TH
Utica Unicorns batting - Pitching for Louisville Bats : LHP Dave Carbone
Batting: LHB Pedro Zaragoza 0-0: Ground out 6-3 (Groundball, 6)
Batting: RHB Jack Bailey 0-0: Ball
1-0: Called Strike
1-1: Called Strike
1-2: Fly out, F9 (Flyball, 89M)
Batting: RHB Héctor Jiménez 0-0: Swinging Strike
0-1: Called Strike
0-2: Foul Ball, location: 2F
0-2: Strikes out looking
Bottom of the 4th over - 0 run(s), 0 hit(s), 0 error(s), 0 left on base; Louisville 1 - Utica 10
TOP OF THE 5TH
Louisville Bats batting - Pitching for Utica Unicorns : LHP David Taylor
Batting: LHB Ramón Morales 0-0: Ball
1-0: Ball
2-0: Foul Ball, location: 2F
2-1: Ground out 6-3 (Groundball, 6)
Batting: RHB Dick Slagboom 0-0: Ball
1-0: Ball
2-0: Called Strike
2-1: Swinging Strike
2-2: Foul Ball, location: 2F
2-2: Ball
3-2: Base on Balls
Pitching: LHP Alberto Martínez
Batting: RHB Jesús Cabrera 0-0: Ball
1-0: Foul Ball, location: 2F
1-1: Ball
2-1: Fly out, F9 (Flyball, 89M)
Batting: LHB Mike Callahan 0-0: Ball
1-0: Swinging Strike
1-1: 2-RUN HOME RUN (Flyball, 9D), Distance : 358 ft
Batting: RHB Eric Thompson 0-0: Ball
1-0: Called Strike
1-1: Foul Ball, location: 2F
1-2: Fly out, F3 (Popup, 3D)
Top of the 5th over - 2 run(s), 1 hit(s), 0 error(s), 0 left on base; Louisville 3 - Utica 10
BOTTOM OF THE 5TH
Utica Unicorns batting - Pitching for Louisville Bats : LHP Dave Carbone
Batting: LHB Bill Hall 0-0: Ball
1-0: Swinging Strike
1-1: Fly out, F8 (Flyball, 8LM)
Batting: RHB Gustavo Rodríguez 0-0: Ground out 5-3 (Groundball, 56)
Batting: RHB Mitsuoki Taguchi 0-0: Called Strike
0-1: Swinging Strike
0-2: Foul Ball, location: 2F
0-2: Strikes out looking
Bottom of the 5th over - 0 run(s), 0 hit(s), 0 error(s), 0 left on base; Louisville 3 - Utica 10
TOP OF THE 6TH
Louisville Bats batting - Pitching for Utica Unicorns : LHP Alberto Martínez
Batting: LHB Alex Henderson 0-0: Fly out, F9 (Flyball, 89M)
Batting: RHB John Denton 0-0: Foul Ball, location: 2F
0-1: Swinging Strike
0-2: Strikes out swinging
Batting: LHB Jeff Forsyth 0-0: Ball
1-0: Ball
2-0: Swinging Strike
2-1: Foul Ball, location: 2F
2-2: Ball
3-2: Foul Ball, location: 2F
3-2: Base on Balls
Batting: RHB Shawn Marshall 0-0: Ball
1-0: Ball
2-0: Ball
3-0: Called Strike
3-1: Base on Balls
Jeff Forsyth to second
Batting: LHB Ramón Morales 0-0: Ball
1-0: Ball
2-0: Called Strike
2-1: Ball
3-1: Called Strike
3-2: Base on Balls
Jeff Forsyth to third
Shawn Marshall to second
Batting: RHB Dick Slagboom 0-0: Called Strike
0-1: Ball
1-1: Ball
2-1: Ball
3-1: Called Strike
3-2: Base on Balls
Jeff Forsyth scores
Shawn Marshall to third
Ramón Morales to second
Batting: RHB Jesús Cabrera 0-0: Ball
1-0: Swinging Strike
1-1: Foul Ball, location: 2F
1-2: SINGLE (Line Drive, 8LS)
Shawn Marshall scores
Ramón Morales to third
Dick Slagboom to second
Runner from 3rd tries for Home, SAFE, no throw
Pitching: RHP Claudio Rivera
Batting: LHB Mike Callahan 0-0: Called Strike
0-1: Ball
1-1: Foul Ball, location: 2F
1-2: Fly out, F9 (Flyball, 9LD)
Top of the 6th over - 3 run(s), 1 hit(s), 0 error(s), 2 left on base; Louisville 6 - Utica 10
BOTTOM OF THE 6TH
Utica Unicorns batting - Pitching for Louisville Bats : LHP Dave Carbone
Batting: RHB Franklin Shaw 0-0: Called Strike
0-1: Ball
1-1: Ball
2-1: Ball
3-1: SINGLE (Line Drive, 9S)
Batting: LHB Sixto Cantú 0-0: Ball
1-0: Foul Ball, location: 2F
1-1: Swinging Strike
1-2: Foul Ball, location: 2F
1-2: Foul Ball, location: 2F
1-2: Ball
2-2: DOUBLE (Flyball, 89D)
Franklin Shaw to third
Batting: RHB Gerald Burnett 0-0: Ball
Wild Pitch!
Franklin Shaw scores
Sixto Cantú to third
1-0: SINGLE (Line Drive, 9S)
Sixto Cantú scores
Batting: LHB Pedro Zaragoza 0-0: Called Strike
0-1: Swinging Strike
0-2: Strikes out swinging
Batting: RHB Jack Bailey 0-0: Fly out, F4 (Popup, 4D)
Batting: RHB Héctor Jiménez 0-0: Fly out, F6 (Line Drive, 6)
Bottom of the 6th over - 2 run(s), 3 hit(s), 0 error(s), 1 left on base; Louisville 6 - Utica 12
TOP OF THE 7TH
Louisville Bats batting - Pitching for Utica Unicorns : RHP Claudio Rivera
Batting: RHB Eric Thompson 0-0: Ball
1-0: Foul Ball, location: 2F
1-1: Ball
2-1: Fly out, F8 (Line Drive, 89S)
Batting: LHB Alex Henderson 0-0: Foul Ball, location: 2F
0-1: Foul Ball, location: 2F
0-2: Fly out, F8 (Flyball, 8RM)
Batting: RHB John Denton 0-0: Called Strike
0-1: Fly out, F8 (Flyball, 8RS)
Top of the 7th over - 0 run(s), 0 hit(s), 0 error(s), 0 left on base; Louisville 6 - Utica 12
BOTTOM OF THE 7TH
Utica Unicorns batting - Pitching for Louisville Bats : LHP Dave Carbone
Batting: LHB Bill Hall 0-0: Foul Ball, location: 2F
0-1: Fly out, F7 (Flyball, 7LM)
Batting: RHB Gustavo Rodríguez 0-0: Foul Ball, location: 2F
0-1: Ground out 6-3 (Groundball, 56)
Batting: RHB Mitsuoki Taguchi 0-0: Ball
1-0: SINGLE (Groundball, 3D)
Batting: RHB Franklin Shaw 0-0: DOUBLE (Line Drive, 7LD)
Mitsuoki Taguchi to third
Batting: LHB Sixto Cantú 0-0: Swinging Strike
0-1: Swinging Strike
0-2: Strikes out swinging
Bottom of the 7th over - 0 run(s), 2 hit(s), 0 error(s), 2 left on base; Louisville 6 - Utica 12
TOP OF THE 8TH
Louisville Bats batting - Pitching for Utica Unicorns : RHP Claudio Rivera
Batting: LHB Jeff Forsyth 0-0: Ground out 6-3 (Groundball, 6)
Batting: RHB Shawn Marshall 0-0: Ball
1-0: Fly out, F9 (Flyball, 9)
Batting: LHB Ramón Morales 0-0: Ball
1-0: Ball
2-0: Ball
3-0: Called Strike
3-1: Called Strike
3-2: Foul Ball, location: 2F
3-2: Foul Ball, location: 2F
3-2: Foul Ball, location: 2F
3-2: Fly out, F9 (Flyball, 9LS)
Top of the 8th over - 0 run(s), 0 hit(s), 0 error(s), 0 left on base; Louisville 6 - Utica 12
BOTTOM OF THE 8TH
Utica Unicorns batting - Pitching for Louisville Bats : LHP Dave Carbone
Pitching: RHP Manuel González
Batting: RHB Gerald Burnett 0-0: Swinging Strike
0-1: SINGLE (Groundball, 56D)
Batting: LHB Pedro Zaragoza 0-0: Called Strike
0-1: Fly out, F8 (Line Drive, 8LD)
Batting: RHB Jack Bailey 0-0: Called Strike
0-1: Ball
1-1: Ball
2-1: Ball
3-1: Base on Balls
Gerald Burnett to second
Batting: RHB Héctor Jiménez 0-0: Called Strike
0-1: Ball
Wild Pitch!
Gerald Burnett to third
Jack Bailey to second
1-1: Ball
2-1: SINGLE (Groundball, 34S) (infield hit)
Gerald Burnett scores
Jack Bailey to third
Batting: LHB Bill Hall 0-0: Grounds into double play, 4-6-3 (Groundball, 34)
Bottom of the 8th over - 1 run(s), 2 hit(s), 0 error(s), 1 left on base; Louisville 6 - Utica 13
TOP OF THE 9TH
Louisville Bats batting - Pitching for Utica Unicorns : RHP Claudio Rivera
Now in RF: Tony O'Bryan
Batting: RHB Dick Slagboom 0-0: Called Strike
0-1: Foul Ball, location: 2F
0-2: Ball
1-2: Ground out 6-3 (Groundball, 6MS)
Pitching: RHP Patrick Doyle
Batting: RHB Jesús Cabrera 0-0: Called Strike
0-1: Foul Ball, location: 2F
0-2: Ball
1-2: Ball
2-2: Strikes out swinging
Batting: LHB Mike Callahan 0-0: Ball
1-0: Ball
2-0: SOLO HOME RUN (Flyball, 89XD), Distance : 400 ft
Batting: RHB Eric Thompson 0-0: Called Strike
0-1: Called Strike
0-2: Ball
1-2: Strikes out swinging
Top of the 9th over - 1 run(s), 1 hit(s), 0 error(s), 0 left on base; Louisville 7 - Utica 13
Tuesday, August 8th, 2017 - OOTP Baseball 17.12 Build 75